 Dungeon Crawl Stone Soup version 0.31-a0-221-gbddc013574 (webtiles) character file.

Game seed: 9591166716576103913

63 qw the Shooter (level 3, -4/29 HPs)
             Began as a Minotaur Hexslinger on July 3, 2023.
             Killed from afar by Sigmund (7 damage)
             ... with a magic dart
             ... on level 2 of the Dungeon.
             The game lasted 00:00:30 (843 turns).

qw the Shooter (Minotaur Hexslinger)                 Turns: 843, Time: 00:00:30

Health: -4/29      AC:  6    Str: 12    XL:     3   Next: 87%
Magic:  3/3        EV: 11    Int: 10    God:
Gold:   51         SH:  0    Dex: 14    Spells: 3/4 levels left

rFire   . . .        Y - +1 sling
rCold   . . .        (no shield)
rNeg    . . .        i - +0 ring mail
rPois   .            (helmet restricted)
rElec   .            (no cloak)
rCorr   .            d - +0 pair of gloves
SInv    .            (no boots)
Will    .....        (no amulet)
Stlth   +            (no ring)
HPRegen 0.24/turn    (no ring)
MPRegen 0.08/turn

%: no passive effects
@: no status effects
A: horns 2, retaliatory headbutt
a: no special abilities


You were on level 2 of the Dungeon.
You visited 1 branch of the dungeon, and saw 2 of its levels.

You collected 75 gold pieces.
You spent 24 gold pieces at shops.


Innate Abilities, Weirdness & Mutations

You have a pair of horns on your head.
You reflexively headbutt those who attack you in melee.


   Skills:
 - Level 2.0 Fighting
 - Level 4.3 Ranged Weapons
 + Level 0.9 Armour
 - Level 2.1 Dodging
 - Level 1.0 Spellcasting
 - Level 2.0 Hexes


You had 3 spell levels left.
You knew the following spells:

 Your Spells              Type           Power      Damage    Failure   Level
a - Slow                  Hex            16%        N/A       34%         1

Your spell library contained the following spells:

 Spells                   Type           Power      Damage    Failure   Level
 Inner Flame              Hex/Fire       2%         N/A       83%         3
 Portal Projectile        Hex/Tloc       4%         N/A       83%         3
 Cause Fear               Hex            2%         N/A       98%         4

Inventory:

Hand Weapons
 Y - a +1 sling (weapon)
Armour
 d - a +0 pair of gloves (worn)
 i - a +0 ring mail (worn)
Scrolls
 a - a scroll of fear {unknown}
 f - a scroll of identify
Potions
 e - a potion of resistance {unknown}

Dungeon Overview and Level Annotations

Branches:
Dungeon (2/15)

Altars:

Shops:
D:1 ?

Annotations:
D:2 Sigmund


Message History

The quokka is almost dead.
The quokka misses you.
The quokka bites you but does no damage.
You shoot a sling bullet.
The sling bullet barely misses the quokka.
The quokka bites you but does no damage.
You shoot a sling bullet. The sling bullet hits the quokka.
You kill the quokka!
Sigmund the Dreaded comes into view.
He is wielding a +0 scythe.
Sigmund shouts!
Sigmund casts a spell at you.
You are confused.
Things that are here:
a quokka corpse; a dart slug corpse Sigmund points at you and mumbles some strange words.
The puff of flame hits you!
You feel less confused.
You shoot a sling bullet.
The sling bullet closely misses Sigmund.
You shoot a sling bullet.
The sling bullet closely misses Sigmund.
Sigmund hits you from afar with a +0 scythe.
You shoot a sling bullet. The sling bullet hits Sigmund.
Sigmund is lightly wounded.
Sigmund gestures at you while chanting. The puff of flame hits you!
Sigmund hits you from afar with a +0 scythe.
You shoot a sling bullet. The sling bullet barely misses Sigmund.
You shoot a sling bullet.
The sling bullet closely misses Sigmund.
Sigmund hits you from afar with a +0 scythe.
You shoot a sling bullet. The sling bullet hits Sigmund!
Sigmund is moderately wounded.
Sigmund casts a spell at you. You resist with significant effort.
You shoot a sling bullet. The sling bullet hits Sigmund.
Sigmund is severely wounded.
Sigmund gestures at you while chanting. The magic dart hits you!
You die...

#.##########
########.# #.# #..
.......... #.# #.#
########.. #.# #.#
#.. #.# #.# #.. #.#
#.# #.. #.# #@# ##.
####.# #.# #.
####....####@#######
#.
.....................
..
#####.#######.#######
## #. ..# . .... ##
######


You could see Sigmund.

Vanquished Creatures
  A gnoll (D:1)
  3 dart slugs
  6 endoplasms
  3 goblins (D:1)
  5 hobgoblins (D:1)
  3 jackals (D:1)
  3 kobolds (D:1)
  5 quokkas
  2 ball pythons (D:1)
  4 bats
  2 frilled lizards (D:1)
  4 rats (D:1)
41 creatures vanquished.

Notes
Turn   | Place    | Note
-------+----------+-------------------------------------------
     0 | D:1      | qw the Minotaur Hexslinger began the quest for the Orb.
     0 | D:1      | Reached XP level 1. HP: 16/16 MP: 1/1
     0 | D:1      | 0 ||| qw: Version: 0.3-a-40-ge99b1a8
     0 | D:1      | 0 ||| qw: Game counter: 614
     0 | D:1      | 0 ||| qw: Melee chars always use a shield: true
     0 | D:1      | 0 ||| qw: God list: Okawaru
     0 | D:1      | 0 ||| qw: Allow faded altars: false
     0 | D:1      | 0 ||| qw: Do Orc after clearing Dungeon:15 true
     0 | D:1      | 0 ||| qw: Do second Lair branch before Depths: true
     0 | D:1      | 0 ||| qw: Lair rune preference: random
     0 | D:1      | 0 ||| qw: Goals: Normal
     0 | D:1      | 0 ||| PLANNING D:1-11
    63 | D:1      | Reached skill level 3 in Ranged Weapons
    64 | D:1      | Reached XP level 2. HP: 23/23 MP: 2/2
   200 | D:1      | 200 ||| FLEEEEING.
   232 | D:1      | 232 ||| FLEEEEING.
   314 | D:1      | Found Alywn's Magic Scroll Shop.
   322 | D:1      | 322 ||| SHOPLISTING scroll of enchant weapon (90 gold, have
                  | 31).
   322 | D:1      | 322 ||| BUYING scroll of identify (24 gold).
   322 | D:1      | Bought a scroll of identify for 24 gold pieces
   322 | D:1      | 322 ||| SHOPLISTING scroll of identify (24 gold, have 7).
   322 | D:1      | 322 ||| SHOPLISTING scroll of teleportation (36 gold, have
                  | 7).
   358 | D:1      | Reached XP level 3. HP: 29/29 MP: 3/3
   459 | D:1      | Reached skill level 4 in Ranged Weapons
   670 | D:1      | 670 ||| UPGRADING to +0 pair of gloves.
   675 | D:1      | 675 ||| UPGRADING to +0 ring mail.
   685 | D:1      | 685 ||| DROPPING +0 robe.
   686 | D:1      | 686 ||| READING scroll labelled BAZXIDD VASANNUTWE.
   689 | D:1      | 689 ||| DRINKING 2 coppery potions.
   690 | D:1      | 690 ||| DROPPING scroll of poison.
   691 | D:1      | 691 ||| DROPPING potion of attraction.
   831 | D:2      | Noticed Sigmund
   839 | D:2      | HP: 3/29 [Sigmund/+0 scythe (6)]
   843 | D:2      | Killed from afar by Sigmund

Levels and vault maps discovered:
D:1:      reono_arrival_mine, layout_basic, serial_shops, shop
D:2:      layout_basic, uniq_sigmund

Skill      XL: |  1  2  3 |
---------------+----------+-----
Ranged Weapons | 3 4 |  4.3
Fighting       | 2 |  2.0
Armour         | |  0.9
Dodging        | |  2.1
Spellcasting   | |  1.0
Hexes          | |  2.0

Action                     || total
---------------------------++-------
   Fire: Sling             ||   116
    Use: Scroll            ||     1
         Potion            ||     1
 Armour: Robe              ||     8
         Ring mail         ||     7
  Dodge: Dodged            ||    14

Table legend:
 A = Non-vault XP
 B = Vault XP
 C = Vault XP percentage of total XP
 D = Non-vault monster count
 E = Vault monster count
 F = Vault count percentage of total count
                 A         B        C        D         E       F
            +---------+---------+-------+---------+---------+-------
      Total |      90 |       0 |   0.0 |      41 |       0 |   0.0
            +---------+---------+-------+---------+---------+-------
        D:1 |      80 |       0 |   0.0 |      37 |       0 |   0.0
        D:2 |      10 |       0 |   0.0 |       4 |       0 |   0.0
            +---------+---------+-------+---------+---------+-------
